[ AOE2 MATCH · #507318606 ]
UnrankedSpanish vs Shu
Player's team · LOSS
Rival team · WIN
[ REPLAY ANALYSIS · EXTRACTED FROM THE RECORDED GAME ]
Feudal
—
Castle
—
Imperial
—
| APM avg | 62.0 |
| APM peak | 121 |
| eAPM avg | 23.8 |
| Villagers / military | 33 / 10 |
Focus
⚔️ 38.3% · 🌾 61.7%
Militia ×10
Feudal
9:19
Castle
—
Imperial
—
| APM avg | 123.4 |
| APM peak | 169 |
| eAPM avg | 78.1 |
| Villagers / military | 34 / 6 |
Focus
⚔️ 69.5% · 🌾 30.5%
Scout Cavalry ×6
Match map
Initial resources + every placement click. Lines = walls · curves = elevation contours. ◆ gold · ⬟ stone · ● berries · ✦ relic · ◌ wall gap
Your base· ✓ Closed at 12:00 · 65t walls · no gate
Barış Manço's base· Open — opponent sealed themselves in
Smoothed initial terrain · ◌ = detected wall gap · hover for details
Inputs per minute
— JOJO ROAD ROLLER - - Barış Manço
Build order — JOJO ROAD ROLLER
75 actions detected in the replay
| 0:01 | Create | Villager (Male) ×4 |
| 0:02 | Build | House |
| 0:03 | Build | House |
| 1:29 | Create | Villager (Male) |
| 1:30 | Create | Villager (Male) |
| 1:41 | Create | Villager (Male) |
| 2:12 | Build | Lumber Camp |
| 2:14 | Create | Villager (Male) |
| 2:47 | Create | Villager (Male) |
| 3:11 | Create | Villager (Male) |
| 3:42 | Create | Villager (Male) |
| 3:51 | Build | House |
| 3:52 | Build | House |
| 4:06 | Create | Villager (Male) |
| 4:27 | Create | Villager (Male) |
| 4:28 | Create | Villager (Male) |
| 4:35 | Build | Barracks |
| 5:16 | Create | Villager (Male) |
| 5:17 | Create | Villager (Male) |
| 5:17 | Create | Villager (Male) |
| 5:17 | Create | Villager (Male) |
| 5:19 | Build | House |
| 5:22 | Create | Militia |
| 5:26 | Build | House |
| 5:46 | Create | Militia |
| 5:46 | Create | Militia |
| 5:51 | Build | Palisade Wall |
| 5:52 | Build | Palisade Wall |
| 5:57 | Build | Palisade Wall |
| 6:14 | Create | Villager (Male) |
| 6:17 | Create | Militia |
| 6:28 | Build | Palisade Wall |
| 6:38 | Create | Villager (Male) |
| 6:56 | Build | Palisade Wall |
| 6:57 | Build | Palisade Wall |
| 6:59 | Build | Palisade Wall |
| 7:12 | Build | Palisade Wall |
| 7:25 | Create | Villager (Male) |
| 7:27 | Create | Villager (Male) |
| 7:27 | Research | Loom |
| 8:15 | Create | Villager (Male) |
| 8:36 | Build | Mill |
| 8:44 | Create | Villager (Male) |
| 8:51 | Build | Palisade Wall |
| 8:53 | Build | Palisade Wall |
| 8:59 | Create | Villager (Male) |
| 9:05 | Create | Militia |
| 9:05 | Create | Militia |
| 9:12 | Create | Villager (Male) |
| 9:12 | Create | Villager (Male) |
| 9:14 | Build | Farm |
| 9:15 | Build | Farm |
| 9:17 | Build | Farm |
| 9:59 | Build | House |
| 10:02 | Create | Villager (Male) |
| 10:08 | Build | Lumber Camp |
| 10:20 | Create | Militia |
| 10:23 | Build | House |
| 10:37 | Create | Villager (Male) |
| 10:46 | Create | Villager (Male) |
| 11:11 | Build | Farm |
| 11:13 | Build | Farm |
| 11:24 | Create | Villager (Male) |
| 11:30 | Build | Mining Camp |
| 11:40 | Create | Villager (Male) |
| 11:40 | Create | Villager (Male) |
| 11:49 | Create | Militia |
| 12:16 | Create | Militia |
| 12:21 | Build | House |
| 12:31 | Build | Farm |
| 12:34 | Build | Farm |
| 12:36 | Build | Farm |
| 12:38 | Build | Farm |
| 12:46 | Create | Militia |
| 12:54 | Research | Feudal Age |
Build order — Barış Manço
70 actions detected in the replay
| 0:00 | Create | Villager (Male) |
| 0:00 | Create | Villager (Male) |
| 0:01 | Create | Villager (Male) |
| 0:01 | Build | House |
| 0:02 | Build | House |
| 0:03 | Create | Villager (Male) |
| 1:15 | Create | Villager (Male) |
| 1:15 | Create | Villager (Male) |
| 1:43 | Create | Villager (Male) |
| 1:51 | Build | Lumber Camp |
| 2:16 | Create | Villager (Male) |
| 2:47 | Create | Villager (Male) |
| 3:08 | Create | Villager (Male) |
| 3:08 | Create | Villager (Male) |
| 3:34 | Create | Villager (Male) |
| 3:35 | Create | Villager (Male) |
| 3:59 | Build | House |
| 3:59 | Build | House |
| 4:02 | Create | Villager (Male) |
| 4:02 | Create | Villager (Male) |
| 4:15 | Create | Villager (Male) |
| 4:15 | Create | Villager (Male) |
| 4:42 | Create | Villager (Male) |
| 4:43 | Create | Villager (Male) |
| 4:46 | Create | Villager (Male) |
| 4:46 | Create | Villager (Male) |
| 5:03 | Build | Mill |
| 5:23 | Create | Villager (Male) |
| 6:10 | Create | Villager (Male) |
| 6:30 | Research | Loom |
| 7:08 | Research | Feudal Age |
| 7:08 | Research | Feudal Age |
| 7:26 | Create | Villager (Male) |
| 7:27 | Create | Villager (Male) |
| 7:34 | Build | Barracks |
| 8:37 | Build | House |
| 9:19 | Age | Feudal Age |
| 9:21 | Build | Stable |
| 9:23 | Research | Double-Bit Axe |
| 9:23 | Research | Double-Bit Axe |
| 9:49 | Build | Farm |
| 9:50 | Create | Villager (Male) |
| 10:00 | Create | Scout Cavalry |
| 10:00 | Create | Scout Cavalry |
| 10:02 | Build | House |
| 10:08 | Create | Villager (Male) |
| 10:23 | Create | Villager (Male) |
| 10:31 | Build | Farm |
| 10:38 | Build | Farm |
| 10:48 | Create | Scout Cavalry |
| 11:12 | Create | Villager (Male) |
| 11:13 | Build | Farm |
| 11:20 | Build | House |
| 11:22 | Create | Scout Cavalry |
| 11:23 | Create | Scout Cavalry |
| 11:27 | Build | Farm |
| 11:36 | Build | Farm |
| 11:39 | Build | Farm |
| 11:41 | Create | Villager (Male) |
| 11:58 | Build | House |
| 12:00 | Build | Palisade Wall |
| 12:01 | Build | Palisade Wall |
| 12:05 | Create | Villager (Male) |
| 12:20 | Build | Archery Range |
| 12:22 | Create | Villager (Male) |
| 12:32 | Create | Villager (Male) |
| 12:45 | Build | Mining Camp |
| 12:52 | Create | Villager (Male) |
| 13:00 | Build | Farm |
| 13:03 | Create | Scout Cavalry |
Match timeline
| 4:35 | JOJO ROAD ROLLER · first_building Barracks |
| 5:51 | JOJO ROAD ROLLER · wall_segment Palisade Wall x5 |
| 5:52 | JOJO ROAD ROLLER · wall_segment Palisade Wall x6 |
| 5:57 | JOJO ROAD ROLLER · wall_segment Palisade Wall x6 |
| 6:28 | JOJO ROAD ROLLER · wall_segment Palisade Wall x9 |
| 6:56 | JOJO ROAD ROLLER · wall_segment Palisade Wall x7 |
| 6:57 | JOJO ROAD ROLLER · wall_segment Palisade Wall x13 |
| 6:59 | JOJO ROAD ROLLER · wall_segment Palisade Wall x1 |
| 7:12 | JOJO ROAD ROLLER · wall_segment Palisade Wall x14 |
| 7:34 | Barış Manço · first_building Barracks |
| 8:51 | JOJO ROAD ROLLER · wall_segment Palisade Wall x1 |
| 8:53 | JOJO ROAD ROLLER · wall_segment Palisade Wall x4 |
| 9:19 | Barış Manço · age_up feudal |
| 9:21 | Barış Manço · first_building Stable |
| 12:00 | Barış Manço · wall_segment Palisade Wall x3 |
| 12:01 | Barış Manço · wall_segment Palisade Wall x5 |
| 12:20 | Barış Manço · first_building Archery Range |
| 13:23 | JOJO ROAD ROLLER · resign |
[ AI ANALYSIS · 1 CREDIT ]
What really happened in this match?
Wolo.gg analyzes every decision: build order, eco, micro, common mistakes by bracket. Personalized analysis on WhatsApp or Discord in 30 seconds.
Civ guide
Spanish
Perfil
Jugador #12249685